 Dungeon Crawl Stone Soup version 0.31-a0-1529-g7bd419a0e5 (console) character file.

Game seed: 15103507525399394854

76 petzl the Sneak (level 4, 0/35 HPs)
             Began as a Formicid Delver on Dec 31, 2023.
             Slain by Robin
             ... wielding a +0 trident
              (5 damage)
             ... on level 2 of the Dungeon.
             The game lasted 00:07:39 (1267 turns).

petzl the Sneak (Formicid Delver)                   Turns: 1267, Time: 00:07:41

Health: 0/35       AC:  5    Str: 16    XL:     4   Next: 57%
Magic:  7/7        EV: 11    Int: 12    God:
Gold:   62         SH:  0    Dex: 15    Spells: 7/7 levels left

rFire   . . .        b - +0 quarterstaff
rCold   . . .        (no shield)
rNeg    . . .        l - +0 ring mail
rPois   .            (helmet unavailable)
rElec   .            (no cloak)
rCorr   +            (no gloves)
SInv    +            (no boots)
Will    .....        (no amulet)
Stlth   +++          p - ring of resist corrosion
HPRegen 0.25/turn    (no ring)
MPRegen 0.10/turn

%: no passive effects
@: no status effects
A: permanent stasis, dig shafts and tunnels, antennae 3, four strong arms
a: Dig, Shaft Self


You were on level 2 of the Dungeon.
You visited 1 branch of the dungeon, and saw 4 of its levels.

You collected 88 gold pieces.
You spent 26 gold pieces at shops.

Inventory:

Hand Weapons
 a - a +0 sling
 b - a +0 quarterstaff (weapon)
 i - a +0 mace
Armour
 k - a +0 leather armour
 l - a +0 ring mail (worn)
Jewellery
 p - a ring of resist corrosion (left hand)
Wands
 f - a wand of digging (3)
 j - a wand of paralysis (6)
Scrolls
 c - 2 scrolls of fog
 d - a scroll of revelation
 e - a scroll of brand weapon {unknown}
 m - a scroll of teleportation {unknown}
Potions
 g - 2 potions of mutation {unknown}
 h - a potion of brilliance


   Skills:
 + Level 3.5 Fighting
 - Level 2.0 Maces & Flails
 * Level 0.7 Ranged Weapons
 + Level 1.3 Armour
 + Level 2.1 Dodging
 - Level 6.0 Stealth
 + Level 2.2 Spellcasting
 * Level 1.5 Evocations


You had 7 spell levels left.
You didn't know any spells.
Your spell library was empty.

Dungeon Overview and Level Annotations

Branches:
Dungeon (5/15)             Temple (0/1) D:4

Altars:

Shops:
D:4 ?

Annotations:
D:2 Robin


Innate Abilities, Weirdness & Mutations

You cannot be hasted, slowed, berserked, paralysed or teleported.
You can dig through walls and to a lower floor.
You have a pair of large antennae on your head. (SInv)
Your four strong arms can wield two-handed weapons with a shield.


Message History

You kill the hobgoblin!
You barely miss the goblin.
The goblin hits you with a +0 dagger. x2
You barely miss the goblin. The goblin hits you but does no damage.
You barely miss the goblin. The goblin hits you with a +0 dagger.
You sock the goblin!
You kill the goblin!
The goblin hits you with a +0 club.
You hit the goblin.
You kill the goblin!
Robin says, "Kneel, worm!"
Robin hits you from afar with a +0 trident!
You closely miss the goblin. Robin throws the goblin at you!
The goblin misses you.
You sock the goblin!
You kill the goblin!
Robin roars a battlecry!
Robin hits you but does no damage.
You hear a shout!
You see here a +0 dagger {!f =f}.
Robin attacks as they pursue you! Robin barely misses you.
Unknown command.
Unknown command.
Aiming: Paralyse
Press: ? - help, Shift-Dir - straight line, f - Robin
Aim: Robin, wielding a +0 trident, wearing a +0 animal skin and wearing the +0 helmet of the Catfish {rElec Will- MP+9 Str+6} (chance to affect: 70%) Robin struggles to resist.
Robin hits you from afar with a +0 trident.
Aiming: Paralyse
Press: ? - help, Shift-Dir - straight line, f/p - Robin
Aim: Robin, wielding a +0 trident, wearing a +0 animal skin and wearing the +0 helmet of the Catfish {rElec Will- MP+9 Str+6} (chance to affect: 70%) Robin struggles to resist.
Robin hits you from afar with a +0 trident.
* * * LOW HITPOINT WARNING * * *
Unknown command.
Aiming: Paralyse
Press: ? - help, Shift-Dir - straight line, f/p - Robin
Aim: Robin, wielding a +0 trident, wearing a +0 animal skin and wearing the +0 helmet of the Catfish {rElec Will- MP+9 Str+6} (chance to affect: 70%) Robin struggles to resist.
Robin hits you from afar with a +0 trident.
You die...
Robin calls out, "Let's celebrate!
Time for a feast!"

########### ###########.........#
#........##.#######.#
#.##†..#.##.##### #.#
.........†.....†###.#
#..##...#.##.........##
#..######.#...#........ #..
#.........##### #.. ...#...#####
#.# #####.## #.# #.# ######.###
#.# #........#### ##+## #
#.####.#....####...## #
#.###..#.....##.....## ##
#.#....?.#.#.#.......## ###.
.#.####.#.###...............###...
).........# #..#.#..........'.....
...####...###@..............###...
, ###.....######.......## ###.
###g### ##.....## ## #.# ##...## #
#.# ##+## # #{# #)# #.# #
#g##########gg.. #...{{{..).g..).
###########.gg.. ,..g .


You could see Robin.

Vanquished Creatures
  2 adders
  A white imp (D:5)
  A dart slug (D:4)
  2 ribbon worms
  An orc (D:4)
  A bat (D:2)
  5 endoplasms
  4 hobgoblins
  7 jackals
  4 kobolds
  A ball python (D:4)
  A frilled lizard (D:2)
  9 goblins
39 creatures vanquished.

Notes
Turn   | Place    | Note
-------+----------+-------------------------------------------
     0 | D:5      | petzl the Formicid Delver began the quest for the Orb.
     0 | D:5      | Reached XP level 1. HP: 18/18 MP: 1/1
    22 | D:5      | Reached skill level 1 in Spellcasting
    22 | D:5      | Reached XP level 2. HP: 14/24 MP: 1/4
   113 | D:5      | Noticed a sky beast
   237 | D:4      | Reached XP level 3. HP: 24/29 MP: 4/6
   305 | D:4      | Reached skill level 1 in Evocations
   612 | D:4      | Noticed an ogre
   621 | D:4      | Found Ziduw's Magic Scroll Shop.
   625 | D:4      | Bought a scroll of identify for 26 gold pieces
   627 | D:4      | Found a staircase to the Ecumenical Temple.
   637 | D:4      | Reached skill level 1 in Armour
   759 | D:4      | You fall into a shaft and drop 1 floor!
   889 | D:5      | Reached XP level 4. HP: 25/35 MP: 7/7
  1224 | D:2      | Identified the +0 helmet of the Catfish {rElec Will- MP+9
                  | Str+6}
  1224 | D:2      | Noticed Robin
  1267 | D:2      | Slain by Robin

Illustrated notes

Levels and vault maps discovered:
D:2:      layout_loops_corners, serial_glass, glass_columns_a, glass_columns_c,
          chequers_serial_rivers_micro_d, corexii_leaking_fountain, uniq_robin
D:3:      layout_rooms, grunt_dithmenos_smoke, grunt_temple_overflow_open,
          ebering_ghost_inner_flame, minmay_checkerbox
D:4:      layout_loops_ring, temple_green, serial_shops, shop,
          grunt_decor_clamped
D:5:      layout_cave_pools, overflow_temple_1_default, uniq_pikel

Skill      XL: |  1  2  3 |
---------------+----------+-----
Spellcasting   | 1 2 |  2.2
Evocations     | 1 |  1.5
Dodging        | 2 |  2.1
Armour         | 1 |  1.3
Fighting       | |  3.5
Maces & Flails | |  2.0
Ranged Weapons | |  0.7
Stealth        | |  6.0

Action                     |  1- 3 |  4- 6 || total
---------------------------+-------+-------++-------
  Melee: Mace              |    54 |       ||    54
         Punch             |     1 |       ||     1
         Quarterstaff      |     5 |    36 ||    41
   Fire: Sling             |    30 |    20 ||    50
Ability: Shaft Self        |     1 |       ||     1
  Evoke: Wand              |       |     3 ||     3
    Use: Scroll            |     3 |     1 ||     4
   Stab: Sleeping          |     2 |     1 ||     3
 Armour: Leather armour    |    34 |       ||    34
         Ring mail         |     8 |    34 ||    42
  Dodge: Dodged            |    48 |    20 ||    68

Table legend: (Time is in decaauts)
 A = Elapsed time spent in this place.
 B = Non-inter-level travel time spent in this place.
 C = Inter-level travel time spent in this place.
 D = Time resting spent in this place.
 E = Time spent auto-exploring this place.
 F = Levels seen in this place.
 G = Mean time per level.
                   A        B        C        D        E       F      G
               +--------+--------+--------+--------+--------+-----+--------+
         Total |   1302 |   1286 |     16 |    484 |    182 |   4 |  325.5 |
       Dungeon |   1302 |   1286 |     16 |    484 |    182 |   4 |  325.5 |
               +--------+--------+--------+--------+--------+-----+--------+

Top non-repeatable levels by time:
     D:4: 675 daAuts
     D:5: 312 daAuts
     D:2: 292 daAuts
     D:3: 23 daAuts
